Map: Acid Plant LE

Players

soul - Winner!

  • Race: Terran Terran
  • Spawn Location: 11:00

ElegancE

  • Race: Protoss Protoss
  • Spawn Location: 5:00

Event: WCS Montreal 2018

VOD

Have the link to the VOD?

Description

Time

  • Played on: Sept. 7, 2018, 12:54 p.m.
  • Length: 8:13

All games in this series

Show
View Real Time Build Order
Export as new Build Order

soul Terran - Winner!

Build Orders: Reaper Expand, MMM Bio 

Get SALT Encoding   

  12  0:00  SCV  
  13  0:13  SCV  
  14  0:17  Supply Depot  
  14  0:25  SCV  
  15  0:38  SCV  
  15  0:41  Barracks  
  16  0:45  Refinery  
  16  0:51  SCV  
  17  1:03  SCV  
  18  1:15  SCV  
  19  1:28  Orbital Command  
  19  1:30  Reaper  
  20  1:40  Command Center  
  20  1:48  Supply Depot  
  20  1:53  SCV  
  21  2:02  Marine  
  22  2:13  Bunker  
  22  2:15  Factory  
  22  2:18  SCV  
  22  2:19  Marine  
  24  2:26  Refinery  
  24  2:31  SCV  
  25  2:37  Marine  
  25  2:43  SCV  
  27  2:55  SCV  
  28  3:00  Cyclone, Barracks Reactor  
  31  3:07  SCV  
  30  3:19  SCV  
  31  3:25  Starport, Orbital Command  
  31  3:31  SCV  
  31  3:34  Factory Tech Lab  
  32  3:38  Marine x2  
  34  3:43  SCV  
  35  3:52  SCV  
  35  3:53  Supply Depot  
  37  3:55  SCV  
  37  3:56  Marine x2  
  39  4:04  SCV  
  39  4:07  SCV, Supply Depot  
  39  4:09  Banshee, Cloaking Field  
  43  4:10  Factory Tech Lab  
  43  4:14  Supply Depot  
  43  4:16  SCV  
  44  4:19  SCV  
  44  4:20  Marine  
  44  4:21  Marine  
  47  4:28  SCV, Supply Depot  
  48  4:32  SCV  
  48  4:36  Supply Depot  
  48  4:37  Siege Tank  
  52  4:38  Marine  
  52  4:40  SCV  
  52  4:44  SCV  
  55  4:49  Marine  
  55  4:52  SCV  
  57  4:54  Banshee  
  57  4:56  SCV  
  57  4:59  Supply Depot  
  62  5:04  SCV  
  62  5:06  Engineering Bay  
  63  5:10  Barracks  
  63  5:11  Barracks  
  62  5:16  SCV  
  62  5:18  SCV, Factory Reactor  
  62  5:20  Refinery  
  64  5:23  Stimpack, Marine, Supply Depot  
  66  5:28  SCV  
  66  5:32  Terran Infantry Weapons Level 1  
  66  5:34  Missile Turret  
  66  5:36  SCV  
  66  5:40  SCV  
  66  5:41  Marine  
  69  5:47  Supply Depot  
  69  5:48  SCV, Starport Reactor  
  69  5:49  Refinery  
  70  5:53  SCV  
  71  5:59  Marauder  
  71  6:00  SCV  
  74  6:05  SCV  
  74  6:07  Command Center  
  72  6:12  SCV  
  72  6:13  Combat Shields  
  72  6:15  Marine  
  72  6:16  Marine  
  72  6:17  SCV  
  76  6:18  Marine  
  76  6:21  Marauder, Barracks  
  76  6:23  Barracks  
  76  6:24  SCV  
  80  6:29  Medivac x2, SCV  
  80  6:32  Widow Mine x2  
  86  6:33  Marine  
  86  6:34  Marine  
  86  6:39  SCV  
  89  6:46  Marine, Supply Depot  
  89  6:47  Marauder, Supply Depot  
  89  6:49  SCV  
  89  6:50  Marine  
  89  6:52  SCV  
  92  6:56  Marine  
  92  6:59  Medivac  
  93  7:05  Marauder, SCV x2  
  93  7:07  Marine  
  98  7:08  Marine  
  98  7:10  Barracks Reactor, Barracks Tech Lab  
  98  7:14  Marine  
  100  7:16  Medivac  
  100  7:22  SCV x2  
  104  7:24  Concussive Shells  
  104  7:26  Marauder x2  
  104  7:27  Widow Mine x2  
  104  7:29  Medivac  
  114  7:34  SCV  
  114  7:35  Marauder, Marine  
  114  7:36  Missile Turret  
  118  7:41  Marine, Orbital Command  
  119  7:47  Marauder x2, Marine  
  119  7:48  Widow Mine  
  126  7:52  Widow Mine  
  126  7:55  Marine  
  126  7:56  SCV  
Show
View Real Time Build Order
Export as new Build Order

ElegancE Protoss 

Build Orders: Blink Stalkers 

Get SALT Encoding   

  12  0:01  Probe  
  13  0:13  Probe  
  14  0:17  Pylon  
  14  0:24  Probe  
  15  0:32  Probe  
  15  0:39  Gateway  
  15  0:40  Probe  
  16  0:48  Assimilator  
  17  0:51  Probe  
  18  1:00  Probe  
  19  1:06  Pylon  
  19  1:08  Probe  
  19  1:17  Probe  
  21  1:25  Gateway  
  21  1:31  Cybernetics Core  
  21  1:36  Zealot  
  23  1:41  Assimilator  
  23  1:44  Probe  
  24  1:56  Probe  
  24  1:58  Stalker  
  26  2:08  Probe  
  26  2:09  Warp Gate  
  26  2:12  Stalker  
  29  2:22  Pylon  
  29  2:28  Stalker  
  31  2:42  Stalker  
  33  3:04  Probe  
  30  3:16  Probe  
  30  3:19  Nexus  
  29  3:28  Probe  
  29  3:31  Stalker  
  32  3:35  Twilight Council  
  32  3:40  Probe  
  33  3:43  Blink  
  33  3:52  Probe  
  33  3:55  Pylon  
  34  4:13  Pylon, Probe  
  35  4:17  Gateway  
  35  4:21  Gateway  
  35  4:25  Probe  
  36  4:32  Probe  
  36  4:36  Stalker  
  36  4:37  Probe  
  40  4:44  Robotics Facility  
  40  4:46  Probe  
  40  4:49  Probe  
  42  4:58  Probe  
  42  4:59  Stalker  
  45  5:01  Probe  
  46  5:10  Probe  
  46  5:13  Probe  
  48  5:14  Stalker  
  48  5:16  Stalker  
  52  5:22  Probe  
  52  5:25  Probe  
  52  5:28  Observer  
  54  5:34  Probe  
  53  5:38  Probe  
  52  5:46  Probe  
  52  5:50  Probe  
  52  5:57  Nexus  
  51  5:58  Probe  
  51  6:02  Probe  
  53  6:09  Observer  
  53  6:10  Probe  
  55  6:13  Robotics Bay  
  55  6:14  Probe  
  55  6:16  Stalker  
  56  6:22  Probe  
  54  6:26  Probe  
  54  6:29  Stalker  
  57  6:34  Probe  
  57  6:38  Probe  
  59  6:40  Assimilator  
  59  6:44  Assimilator  
  59  6:47  Probe  
  59  6:50  Colossus, Probe  
  60  7:00  Gateway  
  59  7:02  Probe  
  59  7:06  Pylon  
  63  7:10  Probe  
  64  7:20  Stalker x3  
  70  7:25  Pylon  
  70  7:26  Gateway  
  70  7:27  Probe  
  71  7:35  Probe x2  
  73  7:40  Pylon  
  73  7:41  Probe  
  74  7:47  Probe  
  74  7:49  Sentry  
  74  7:50  Zealot x2  
Tags
 
Add a new tag
Caveats
  • Supply blocks, unpowered buildings, or Contaminate may cause inaccurate times.
  • Supply counts are checked every 10 seconds.